 Dungeon Crawl Stone Soup version 0.29.1-15-g9cfb28693d (webtiles) character file.

Game seed: 4680697347553085865

10432 Peloso the Carver (level 11, -1/101 HPs)
             Began as a Minotaur Fighter on Apr 7, 2023.
             Was an Elder of Okawaru.
             Slain by a cyan ugly thing (14 damage)
             ... on level 10 of the Dungeon.
             The game lasted 00:24:11 (12295 turns).

Peloso the Carver (Minotaur Fighter)               Turns: 12295, Time: 00:24:11

Health: -1/101     AC: 18    Str: 23    XL:     11   Next: 36%
Magic:  9/11       EV: 12    Int:  5    God:    Okawaru [****..]
Gold:   476        SH:  7    Dex: 12    Spells: 10/10 levels left

rFire   . . .      SeeInvis +   a - +1 scimitar (flame)
rCold   . . .      Faith    .   d - +0 buckler
rNeg    . . .      Spirit   .   c - +3 chain mail
rPois   .          Reflect  .   (helmet restricted)
rElec   .          Harm     .   (no cloak)
rCorr   .          Rampage  .   s - +0 pair of gloves
Will    +....                   (no boots)
Stlth   ..........              (no amulet)
HPRegen 0.26/turn               i - ring of see invisible
MPRegen 0.12/turn               E - ring of willpower

@: heroic
A: horns 2, retaliatory headbutt
a: Renounce Religion, Heroism, Finesse


You were on level 10 of the Dungeon.
You worshipped Okawaru.
Okawaru was greatly pleased with you.
You visited 2 branches of the dungeon, and saw 12 of its levels.

You collected 476 gold pieces.

Inventory:

Hand Weapons
 a - a +1 scimitar of flaming (weapon)
 b - a +0 long sword
Missiles
 D - 3 throwing nets (quivered)
Armour
 c - a +3 chain mail (worn)
 d - a +0 buckler (worn)
 s - a +0 pair of gloves (worn)
Jewellery
 i - a ring of see invisible (left hand)
 y - an amulet of magic regeneration
 E - a ring of willpower (right hand)
 F - a ring of positive energy
 G - a ring of protection from cold
 H - a ring of fire
 J - a ring of poison resistance
 N - a ring of resist corrosion
Wands
 l - a wand of mindburst (7)
 p - a wand of flame (7)
 r - a wand of charming (33)
 u - a wand of roots (13)
 v - a wand of light (18)
 C - a wand of polymorph (6)
Scrolls
 g - a scroll of immolation
 h - a scroll of amnesia {unknown}
 j - 2 scrolls of poison {unknown}
 k - 2 scrolls of magic mapping {unknown}
 q - a scroll of silence {unknown}
 x - 2 scrolls of acquirement {unknown}
 z - a scroll of blinking {unknown}
 A - a scroll of brand weapon {unknown}
 B - 8 scrolls of identify
 L - a scroll of fear {unknown}
 M - a scroll of enchant weapon {unknown}
Potions
 e - a potion of berserk rage
 f - 2 potions of haste
 m - a potion of flight
 n - a potion of might
 o - 2 potions of mutation
 t - a potion of invisibility {unknown}
 w - 2 potions of curing
 I - a potion of attraction {unknown}
 K - 2 potions of heal wounds {unknown}


   Skills:
 + Level 10.6(15.6) Fighting
 + Level 13.9(18.9) Long Blades
 + Level 9.9(14.9) Armour
 + Level 4.4(9.4) Dodging
 + Level 1.6(6.6) Stealth
 + Level 7.8(12.8) Shields
 + Level 1.6 Invocations
 + Level 1.0 Evocations


You had 10 spell levels left.
You didn't know any spells.
Your spell library contained the following spells:

 Spells                   Type           Power      Damage    Failure   Level
 Foxfire                  Conj/Fire      0%         2x1d4     95%         1
 Shock                    Conj/Air       0%         1d3       95%         1
 Sting                    Tmut/Pois      0%         1d3       95%         1
 Blink                    Tloc           0%         N/A       99%         2
 Ensorcelled Hibernation  Hex/Ice        0%         N/A       99%         2
 Poisonous Vapours        Pois/Air       0%         N/A       99%         2
 Static Discharge         Conj/Air       0%         3-3/arc   99%         2
 Sublimation of Blood     Necr           0%         N/A       99%         2
 Wereblood                Tmut           0%         N/A       99%         2
 Conjure Flame            Conj/Fire      0%         6-21      100%        3
 Inner Flame              Hex/Fire       0%         N/A       100%        3
 Lesser Beckoning         Tloc           0%         N/A       100%        3
 Spider Form              Tmut/Pois      0%         N/A       100%        3
 Swiftness                Air            0%         N/A       100%        3
 Airstrike                Air            0%         2d(0-16)  100%        4
 Anguish                  Hex/Necr       0%         N/A       100%        4
 Dispel Undead            Necr           0%         3d6       100%        4
 Flame Wave               Conj/Fire      0%         2d4       100%        4
 Olgreb's Toxic Radiance  Pois           0%         N/A       100%        4
 Passage of Golubria      Tloc           0%         N/A       100%        4
 Petrify                  Tmut/Erth      0%         N/A       100%        4
 Sticky Flame             Conj/Fire      0%         2d3       100%        4
 Irradiate                Conj/Tmut      0%         3d11      100%        5
 Manifold Assault         Tloc           0%         N/A       100%        5
 Yara's Violent Unravell  Hex/Tmut       0%         3d3       100%        5
 Tukima's Dance           Hex            Unusable   N/A       N/A         3
 Summon Hydra             Summ           Unusable   N/A       N/A         7

Dungeon Overview and Level Annotations

Branches:
Dungeon (11/15)            Temple (1/1) D:5
   Lair: D:8-11         Orc: D:9-12

Altars:
Ashenzari
Cheibriados
Dithmenos
Elyvilon
Fedhas
Gozag
Hepliaklqana
Kikubaaqudgha
Makhleb
Nemelex Xobeh
Okawaru
Qazlal
Ru
Sif Muna
Trog
Uskayaw
Vehumet
Wu Jian
Xom
Yredelemnul
Zin
The Shining One

Shops:
D:1 [   D:3 :

Annotations:
D:2 1 runed translucent door, Crazy Yiuf
D:4 Dig
D:6 3 runed translucent doors, Alannah's ghost, novice GrFi; Zippel's ghost, novice TeGl; engelados's ghost, novice BaCj
D:7 3 runed translucent doors, H0rd4k's ghost, novice OpAr


Innate Abilities, Weirdness & Mutations

You have a pair of horns on your head.
You reflexively headbutt those who attack you in melee.


Message History

The wraith hits you but does no damage. You block the cyan ugly thing's attack.
You closely miss the wraith. You headbutt the wraith.
You destroy the wraith!
Okawaru accepts your kill. The cyan ugly thing tail-slaps you!
The cyan ugly thing shocks you!
You feel more confident with your borrowed prowess.
The unseen horror hits you but does no damage.
The cyan ugly thing tail-slaps you! The cyan ugly thing shocks you!
You hit the cyan ugly thing. You burn the cyan ugly thing.
The cyan ugly thing is lightly wounded.
You block the unseen horror's attack.
The unseen horror hits you but does no damage.
You slash the cyan ugly thing! You burn the cyan ugly thing!
You headbutt the cyan ugly thing.
The cyan ugly thing is heavily wounded.
The unseen horror barely misses you. You furiously retaliate!
You headbutt the unseen horror, but do no damage.
You block the cyan ugly thing's attack. You block the unseen horror's attack.
You slash the cyan ugly thing! You burn the cyan ugly thing.
The cyan ugly thing is almost dead.
You block the unseen horror's attack. You block the cyan ugly thing's attack.
The boulder beetle leaps!
You hit the cyan ugly thing. You burn the cyan ugly thing.
Your headbutt misses the cyan ugly thing.
The cyan ugly thing is almost dead.
The unseen horror hits you. x2
* * * LOW HITPOINT WARNING * * *
The cyan ugly thing tail-slaps you!
* * * LOW HITPOINT WARNING * * *
The cyan ugly thing shocks you!
* * * LOW HITPOINT WARNING * * *
Unknown command.
You feel better.
The unseen horror hits you but does no damage.
The cyan ugly thing tail-slaps you but does no damage.
You feel better. The troll completely misses you. The troll barely misses you.
The troll claws you but does no damage. The cyan ugly thing tail-slaps you!
* * * LOW HITPOINT WARNING * * *
The cyan ugly thing shocks you!
You die...

.# #.'.....'.#...# .#
#.#########...# .#
#.#^^^^^#...#.# .#
#.#.#.#.#..##.# .#
#.#######.###.# .#
#.........# #.# .#
##.#.###### #.# .# #u#.#
#.# .## #@#.# #.# ..##
#T#.#### #.# ...##
#x°...°#####<## ....#
###>.B........# ...##
####.##.....# ...#
#.##.###.# .#.## #########
#.##.# #.# #...##
#.......######.##.# #.#
.###.###.#...)........##.#
#.#


You could see a cyan ugly thing, a troll and an unseen horror (invisible).

Vanquished Creatures
  A boulder beetle (D:10)
  Psyche (D:9)
  A troll (D:10)
  A wyvern (D:9)
  A wraith (D:10)
  29 yaks
  2 steam dragons
  Menkaure (D:6)
  3 orc warriors
  A hornet zombie (D:7)
  An ice beast (D:7)
  2 sky beasts
  2 ogres
  6 centaurs
  A phantom (D:4)
  5 kobold brigands
  3 necrophages
  Blork the orc (D:6)
  3 gnoll sergeants
  2 bullfrogs
  6 wights
  4 killer bees
  8 howler monkeys
  A jelly (D:5)
  A lava snake (D:9)
  A human zombie (D:4)
  6 orc priests
  5 hounds
  3 iguanas
  A scorpion zombie (D:4)
  6 orc wizards
  A hound zombie (D:4)
  4 mummies (D:4)
  2 howler monkey zombies
  21 gnolls
  8 adders
  2 white imps
  2 ufetubi
  An adder zombie (D:4)
  2 worms (D:2)
  A dart slug (D:1)
  20 orcs
  3 bats (D:1)
  6 endoplasms
  2 giant cockroaches
  5 goblins
  9 hobgoblins
  11 jackals
  14 kobolds
  5 quokkas
  6 ball pythons
  A jackal zombie (D:4)
  4 rats
239 creatures vanquished.

Vanquished Creatures (others)
  Erica (D:8)
  A fungus (D:11)
  A plant (D:11)
  4 withered plants (D:6)
7 creatures vanquished.

Grand Total: 246 creatures vanquished

Notes
Turn   | Place    | Note
-------+----------+-------------------------------------------
     0 | D:1      | Peloso the Minotaur Fighter began the quest for the Orb.
     0 | D:1      | Reached XP level 1. HP: 19/19 MP: 0/0
     2 | D:1      | Noticed a demonspawn
     2 | D:1      | Noticed an ogre
     4 | D:1      | Noticed a ghoul
     4 | D:1      | Noticed a vine stalker
     6 | D:1      | Noticed an octopode
     8 | D:1      | Noticed a gargoyle
     8 | D:1      | Noticed a merfolk
    10 | D:1      | Noticed a spriggan
    10 | D:1      | Noticed a vampire
    12 | D:1      | Noticed a meteoran
    12 | D:1      | Noticed a palentonga
    14 | D:1      | Noticed a felid
    14 | D:1      | Noticed a naga
    16 | D:1      | Noticed a troll
    18 | D:1      | Noticed a draconian
    18 | D:1      | Noticed a minotaur
    20 | D:1      | Noticed a demigod
    20 | D:1      | Noticed a human
    22 | D:1      | Noticed an elf
    24 | D:1      | Noticed a felid
    24 | D:1      | Noticed a formicid
    26 | D:1      | Noticed a vine stalker
    26 | D:1      | Noticed a merfolk
    48 | D:1      | Found Uptuushexu's Armour Shop.
   321 | D:1      | Reached XP level 2. HP: 20/27 MP: 1/1
   824 | D:1      | Reached skill level 3 in Long Blades
   966 | D:1      | Reached XP level 3. HP: 33/33 MP: 2/2
  1433 | D:2      | Reached XP level 4. HP: 33/40 MP: 3/3
  1502 | D:2      | Found a burning altar of Makhleb.
  1604 | D:2      | Found a faded altar of an unknown god.
  1783 | D:2      | Found a runed translucent door.
  1784 | D:2      | Noticed Crazy Yiuf
  1850 | D:3      | Found Iqaref's Book Boutique.
  2062 | D:3      | Found a snail-covered altar of Cheibriados.
  2167 | D:3      | Reached skill level 4 in Long Blades
  2589 | D:3      | Found a shimmering blue altar of Sif Muna.
  2660 | D:3      | Reached XP level 5. HP: 46/47 MP: 4/4
  2676 | D:4      | Noticed a sky beast
  2919 | D:4      | Killed a sky beast
  2920 | D:4      | Reached skill level 5 in Long Blades
  2920 | D:4      | Reached skill level 5 in Armour
  2920 | D:4      | Reached skill level 1 in Dodging
  2920 | D:4      | Reached skill level 1 in Stealth
  3198 | D:4      | Noticed a phantom
  3217 | D:4      | Killed a phantom
  3218 | D:4      | Reached XP level 6. HP: 42/53 MP: 5/5
  3437 | D:4      | Found a white marble altar of Elyvilon.
  3458 | D:4      | Reached skill level 5 in Fighting
  3582 | D:4      | Reached XP level 7. HP: 28/61 MP: 6/6
  3585 | D:4      | Reached skill level 6 in Long Blades
  3954 | D:4      | Found an ancient bone altar of Kikubaaqudgha.
  4277 | D:4      | Noticed a steam dragon
  4487 | D:5      | Entered Level 5 of the Dungeon
  4570 | D:5      | Reached skill level 7 in Long Blades
  4889 | D:5      | Reached XP level 8. HP: 67/69 MP: 7/7
  4933 | D:5      | Reached skill level 5 in Shields
  5174 | D:5      | Found a staircase to the Ecumenical Temple.
  5205 | Temple   | Entered the Ecumenical Temple
  5232 | Temple   | Became a worshipper of Warmaster Okawaru
  5421 | D:5      | Reached skill level 8 in Long Blades
  6042 | D:6      | Noticed Menkaure
  6052 | D:6      | Killed Menkaure
  6298 | D:6      | Reached skill level 9 in Long Blades
  6361 | D:6      | Reached * piety under Okawaru
  6618 | D:6      | Found a runed translucent gate.
  6618 | D:6      | Found a runed translucent gate.
  6618 | D:6      | Found a runed translucent gate.
  6619 | D:6      | Noticed Alannah's ghost (novice GrFi)
  6619 | D:6      | Noticed engelados's ghost (novice BaCj)
  6620 | D:6      | Noticed Zippel's ghost (novice TeGl)
  6662 | D:6      | Noticed Blork the orc
  6855 | D:6      | Killed Blork the orc
  6999 | D:6      | Found a sparkling altar of Nemelex Xobeh.
  7171 | D:7      | Reached XP level 9. HP: 24/78 MP: 8/8
  8024 | D:7      | Reached skill level 10 in Long Blades
  8117 | D:7      | Found a runed translucent gate.
  8117 | D:7      | Found a runed translucent gate.
  8117 | D:7      | Found a runed translucent gate.
  8117 | D:7      | Noticed H0rd4k's ghost (novice OpAr)
  8140 | D:7      | Found a basalt altar of Yredelemnul.
  8611 | D:8      | Reached ** piety under Okawaru
  8612 | D:8      | Reached skill level 11 in Long Blades
  8979 | D:7      | Reached XP level 10. HP: 61/88 MP: 7/9
  9157 | D:8      | Found a transporter.
  9162 | D:8      | Found a transporter.
  9218 | D:8      | Noticed Erica
  9226 | D:8      | Killed Erica
  9227 | D:8      | Reached skill level 1 in Evocations
  9425 | D:8      | Found a transporter.
  9433 | D:8      | Found a transporter.
  9584 | D:8      | Found a transporter.
  9591 | D:8      | Found a transporter.
  9783 | D:9      | Reached skill level 12 in Long Blades
  9907 | D:9      | Reached skill level 1 in Invocations
  9975 | D:9      | Noticed Psyche
  9983 | D:9      | Killed Psyche
 10062 | D:9      | Reached *** piety under Okawaru
 10600 | D:9      | Reached skill level 13 in Long Blades
 10764 | D:9      | Found a hide-covered altar of Uskayaw.
 10882 | D:10     | Entered Level 10 of the Dungeon
 10927 | D:10     | Reached **** piety under Okawaru
 10928 | D:10     | Reached XP level 11. HP: 68/99 MP: 11/11
 10953 | D:10     | Reached skill level 10 in Fighting
 11285 | D:10     | Noticed a boulder beetle
 11302 | D:10     | Killed a boulder beetle
 12086 | D:10     | Noticed a centaur warrior
 12268 | D:11     | Noticed a boulder beetle
 12282 | D:10     | Noticed a cyan ugly thing
 12293 | D:10     | HP: 5/101 [cyan ugly thing (16)]
 12295 | D:10     | Slain by a cyan ugly thing

Illustrated notes

Levels and vault maps discovered:
D:1:      kb_arrival_jail, layout_basic, serial_shops, shop,
          minmay_stone_trees_small
D:2:      layout_basic, hellmonk_ecumenical_altar_slurped_away, basic_altar,
          uniq_crazy_yiuf_cottage
D:3:      layout_loops_ring, led_sif_pool, mainiacjoe_overflow_six_doors_small,
          serial_shops, nicolae_shop_crystal
D:4:      layout_cave_pools, lemuel_mausoleum_altar_kikubaaqudgha,
          elyvilon_altar_3, lightli_corner_chamber
D:5:      layout_loops_corners, minmay_temple_entry_stoned_glass,
          kennysheep_generic_room_9
D:6:      layout_rooms, nemelex_spade_bored_becter, gammafunk_ghost_cemetery,
          uniq_blork_the_orc, uniq_menkaure
D:7:      layout_loops_ring, nicolae_yredelemnul_ghost_church, st_stairs_4
D:8:      layout_cave_pools, serial_nicolae_subway, nicolae_sub_station_metal,
          nicolae_sub_station_stone, nicolae_sub_station_crystal, uniq_erica
D:9:      layout_long_grid, nicolae_uskayaw_suspiria, kennysheep_windowed_goal,
          uniq_psyche
D:10:     layout_loops_ring, grunt_tough_drop
D:11:     layout_basic, grunt_lair_entry_orc_guard_hut,
          nicolae_elevator_lobby_plus
Temple:   hellmonk_temple_of_storms

Skill      XL: |  1  2  3  4  5  6  7  8  9 10 11 |
---------------+----------------------------------+-----
Armour         | 4 5 6 7 8 9 |  9.9
Fighting       | 4 5 6 8 9 10 | 10.6
Long Blades    | 3 4 5 7 9 11 13 | 13.9
Shields        | 4 5 6 7 |  7.8
Dodging        | 1 2 3 4 |  4.4
Stealth        | 1 |  1.6
Evocations     | 1 |  1.0
Invocations    | 1 |  1.6

Action                   |  1- 3 |  4- 6 |  7- 9 | 10-12 || total
-------------------------+-------+-------+-------+-------++-------
Melee: Long sword        |    95 |    90 |   430 |    19 ||   634
       Headbutt          |     8 |    17 |    97 |    67 ||   189
       Scimitar          |       |       |       |   269 ||   269
Invok: Heroism           |       |       |     7 |     7 ||    14
Evoke: Wand              |       |       |     6 |       ||     6
  Use: Scroll            |       |     2 |     4 |     3 ||     9
       Potion            |       |       |     3 |     2 ||     5
Armor: Scale mail        |    57 |    35 |     2 |       ||    94
       Chain mail        |       |       |   186 |   111 ||   297
Dodge: Dodged            |    40 |    41 |   148 |   115 ||   344
Block: Buckler           |    19 |    26 |    80 |    68 ||   193
